 Dungeon Crawl Stone Soup version 0.28.0-45-g0d030f2227 (webtiles) character file.

Game seed: 15066218813999770186

226 101zpm the Magician (level 6, -7/41 HPs)
             Began as a Djinni Ice Elementalist on Apr 11, 2022.
             Mangled by an ogre
             ... wielding a +0 giant club
              (13 damage)
             ... on level 4 of the Dungeon.
             The game lasted 00:11:46 (4896 turns).

101zpm the Magician (Djinni Ice Elementalist)       Turns: 4896, Time: 00:11:47

Health: -7/41      AC:  2    Str:  7    XL:     6   Next: 21%
Gold:   87         EV: 12    Int: 19    God:
                   SH:  0    Dex: 13

rFire   + . .      SeeInvis .   c - +2 mace (protect)
rCold   . . .      Faith    .   (no shield)
rNeg    . . .      Spirit   .   a - +0 robe
rPois   ∞          Reflect  .   (no helmet)
rElec   .          Harm     .   (no cloak)
rCorr   .          Rampage  .   (no gloves)
Will    .....                   (boots unavailable)
Stlth   ++........              (no amulet)
HPRegen 0.13/turn               m - ring of ice
MPRegen 0.00/turn               (no ring)

@: freezing walls, flying
A: sickness immunity, fire resistance 2, cold vulnerability 1, float, innate
caster, HP casting, extra vitality 1
a: no special abilities


You were on level 4 of the Dungeon.
You visited 1 branch of the dungeon, and saw 4 of its levels.

You collected 87 gold pieces.

Inventory:

Hand Weapons
 c - a +2 mace of protection (weapon)
Missiles
 s - 5 boomerangs
 t - 13 poisoned darts
Armour
 a - a +0 robe (worn)
 h - a +0 leather armour
Magical Staves
 g - a staff of poison
 r - a staff of earth
Jewellery
 m - a ring of ice (left hand)
Scrolls
 d - 2 scrolls of identify {unknown}
 e - a scroll of blinking {unknown}
 j - a scroll of magic mapping {unknown}
 k - 3 scrolls of teleportation {unknown}
 l - a scroll of holy word {unknown}
 n - a scroll of enchant armour {unknown}
 p - a scroll of fear {unknown}
Potions
 b - a potion of degeneration {unknown}
 f - a potion of attraction {unknown}
 i - a potion of curing {unknown}
 o - a potion of brilliance {unknown}
 q - a potion of might {unknown}


   Skills:
 + Level 0.8 Fighting
 + Level 1.5 Maces & Flails
 + Level 3.0 Dodging
 + Level 2.3 Stealth
 + Level 4.6 Spellcasting


You couldn't memorise any spells.
You knew the following spells:

 Your Spells              Type           Power      Damage    Failure   Level
a - Freeze                Ice            100%       1d11      1%          1
b - Frozen Ramparts       Ice            64%        1d8       6%          3
c - Ozocubu's Armour      Ice            32%        N/A       6%          3
d - Hailstorm             Conj/Ice       32%        3d8       19%         4
e - Pain                  Necr           84%        1d8       1%          1
f - Call Imp              Summ           21%        N/A       3%          2
Your spell library was empty.

Dungeon Overview and Level Annotations

Branches:
Dungeon (4/15)
 Temple: D:4-7

Altars:
Hepliaklqana

Annotations:
D:4 Blork the orc


Innate Abilities, Weirdness & Mutations

You are immune to sickness and miasma.
You are immune to poison.
Your flesh is very heat resistant. (rF++)
You are vulnerable to cold. (rC-)
You float through the air rather than walking.
You learn spells naturally, not from books.
Your magical power is your life essence.
You have superior vitality. (+4 MHP)


Message History

Casting: Frozen Ramparts (dangerous; 6% risk of failure)
Press: ? - help, Dir - look around, f - activate You feel a surge of power!
The walls around you are covered in ice.
Casting: Frozen Ramparts (dangerous; 6% risk of failure)
Confirm with . or Enter, or press ? or * to list all spells.
Okay, then.
Casting: Frozen Ramparts (dangerous; 6% risk of failure)
Confirm with . or Enter, or press ? or * to list all spells.
Aiming: Pain (safe; 1% risk of failure)
Press: ? - help, Shift-Dir - straight line, f - ogre
Aim: an ogre, wielding a +0 giant club (asleep, chance to affect: 80%)
The ogre shouts!
The ogre writhes in agony.
You hear a shout!
A goblin comes into view. It is wielding a +0 club.
Aiming: Pain (safe; 1% risk of failure)
Press: ? - help, Q - select action, (/) - cycle Shift-Dir - straight line, f/p - ogre
Aim: an ogre, wielding a +0 giant club (lightly wounded, chance to affect: 80%)
The ogre writhes in agony.
The wall freezes the ogre.
Aiming: Pain (safe; 1% risk of failure)
Press: ? - help, Q - select action, (/) - cycle Shift-Dir - straight line, f/p - ogre
Aim: an ogre, wielding a +0 giant club (heavily wounded, chance to affect: 80%)
The ogre barely resists.
The wall freezes the ogre.
Casting: Pain (safe; 1% risk of failure)
Confirm with . or Enter, or press ? or * to list all spells.
A beastly little devil appears in a puff of flame.
The wall freezes the ogre.
The ogre hits you with a +0 giant club!!
Ouch! That really hurt!
* * * LOW HITPOINT WARNING * * *
Aiming: Pain (safe; 1% risk of failure)
Press: ? - help, Q - select action, (/) - cycle Shift-Dir - straight line, f/p - ogre
Aim: an ogre, wielding a +0 giant club (severely wounded, ally target, chance to affect: 80%)
The ogre barely resists.
* * * LOW HITPOINT WARNING * * *
The wall freezes the ogre!
The ogre hits you with a +0 giant club!
You die...

...+ #+# #..# .....
#..### #+ #.#.# #..#.+
#.##.#.#
#..#.####.#.#.#
##..#.##.##..#g#
####............#5#
....#..#.##.##..#O#####
##.#.#.##.#.....@.....#
†.#.#.#.##...##...###.#
##.###.########.###
..## #.. #.# ##.# ##.
#.# # #.# ... ###


You could see an ogre (ally target), a goblin and a friendly crimson imp
(summoned).

Vanquished Creatures
  A howler monkey (D:3)
  7 gnolls (D:2)
  4 adders
  A white imp (D:4)
  3 worms (D:2)
  A dart slug (D:1)
  An orc (D:3)
  5 endoplasms
  3 giant cockroaches
  6 goblins
  4 hobgoblins
  2 jackals (D:2)
  A quokka (D:1)
  A ball python (D:1)
  5 bats
  3 frilled lizards
  8 kobolds
  2 rats
58 creatures vanquished.

Vanquished Creatures (collateral kills)
  An adder (D:3)
  A hobgoblin (D:3)
  A quokka (D:2)
  A frilled lizard (D:3)
  A rat (D:3)
5 creatures vanquished.

Grand Total: 63 creatures vanquished

Notes
Turn   | Place    | Note
-------+----------+-------------------------------------------
     0 | D:1      | 101zpm the Djinni Ice Elementalist began the quest for the
                  | Orb.
     0 | D:1      | Reached XP level 1. HP: 15/15 MP: 0/0
   195 | D:1      | Reached XP level 2. HP: 21/21 MP: 0/0
   345 | D:1      | Found a faded altar of an unknown god.
   806 | D:2      | Reached XP level 3. HP: 21/25 MP: 0/0
   806 | D:2      | Learned a level 1 spell: Pain
  1461 | D:2      | Reached XP level 4. HP: 8/31 MP: 0/0
  1462 | D:2      | Reached skill level 1 in Maces & Flails
  1462 | D:2      | Reached skill level 4 in Spellcasting
  1824 | D:2      | Reached XP level 5. HP: 29/36 MP: 0/0
  1824 | D:2      | Learned a level 2 spell: Call Imp
  3388 | D:4      | Found a hazy altar of Hepliaklqana.
  3438 | D:4      | Noticed Blork the orc
  4236 | D:3      | Reached XP level 6. HP: 38/41 MP: 0/0
  4890 | D:4      | Noticed an ogre
  4896 | D:4      | Mangled by an ogre

Illustrated notes

Levels and vault maps discovered:
D:1:      tarquinn_simple_flora_water_a, layout_rooms,
          shapermc_ecumenical_altar_petra, dk_noncrumbling_4, minivault_26,
          minmay_misc_feat_chi
D:2:      layout_rooms
D:3:      layout_loops_corners, minmay_misc_feat_cross, grunt_decor_clamped
D:4:      nicolae_cairo_tiling_large, layout_loops_ring,
          mainiacjoe_overflow_tiny_flanked, nicolae_hepliaklqana_hippocampus,
          uniq_blork_the_orc, uniq_ijyb

Skill      XL: |  1  2  3  4  5 |
---------------+----------------+-----
Maces & Flails | 1 |  1.5
Spellcasting   | 4 |  4.6
Stealth        | 2 |  2.3
Dodging        | 3 |  3.0
Fighting       | |  0.8

Action                   |  1- 3 |  4- 6 || total
-------------------------+-------+-------++-------
Melee: Mace              |    38 |    23 ||    61
       Unarmed           |     1 |       ||     1
       Punch             |     1 |       ||     1
 Cast: Freeze            |    12 |    25 ||    37
       Frozen Ramparts   |     3 |    17 ||    20
       Call Imp          |       |    14 ||    14
       Pain              |       |     4 ||     4
Armor: Robe              |    12 |    10 ||    22
Dodge: Dodged            |    48 |    29 ||    77
